 Dungeon Sprint DCSS version 0.30-a0-223-gcb0039aa0c (webtiles) character file.

Game seed: 2001034030516812967

51783 rocky1 the Sensei (level 14, -19/112 HPs)
             Began as a Gargoyle Monk on Oct 10, 2022.
             Was the Champion of Cheibriados.
             Killed from afar by a fire giant (25 damage)
             ... with a fireball
             ... in the Dungeon (Sprint IX: "|||||||||||||||||||||||||||||").
             The game lasted 00:21:43 (5565 turns).

rocky1 the Sensei (Gargoyle Monk)                   Turns: 5565, Time: 00:21:46

Health: -19/112    AC: 29    Str: 34    XL:     14   Next: 61%
Magic:  17/22      EV: 22    Int: 30    God:    Cheibriados [******]
Gold:   308        SH: 11    Dex: 29    Spells: 4/13 levels left

rFire   + . .      SeeInvis .      - Unarmed
rCold   + . .      Faith    .    H - +2 buckler {AC+3}
rNeg    + . .      Spirit   .    F - +0 ring mail "Tuoph" {Str+5}
rPois   ∞          Reflect  .    x - +0 helmet
rElec   +          Harm     .    e - +1 cloak
rCorr   +          Rampage  .    v - +0 pair of gloves
Will    +....      NoTele   +    u - +0 pair of boots
Stlth   +++.......               (no amulet)
HPRegen 0.38/turn                m - +2 ring of protection
MPRegen 0.18/turn                n - +2 ring of evasion

@: resistant, flying, very slow
A: sickness immunity, AC +10, big wings, negative energy resistance 1,
electricity resistance, torment resistance 1, petrification resistance
a: Renounce Religion, Bend Time, Temporal Distortion, Slouch, Step From Time


You were in the Dungeon.
You worshipped Cheibriados.
Cheibriados was exalted by your worship.
You visited 1 branch You collected 1927 gold pieces.
You spent 1619 gold pieces at shops.

Inventory:

Hand Weapons
 y - a +2 antimagic flail
 z - a +1 morningstar of protection
 G - a +1 demon whip of electrocution
Armour
 e - a +1 cloak (worn)
 u - a +0 pair of boots (worn)
 v - a +0 pair of gloves (worn)
 x - a +0 helmet (worn)
 F - the +0 ring mail "Tuoph" (worn) {Str+5}
   (You found it in the Dungeon)

   Str:       It affects your strength (+5).
 H - a +2 buckler of protection (worn)
 I - +0 swamp dragon scales
Jewellery
 m - a +2 ring of protection (left hand)
 n - a +2 ring of evasion (right hand)
 A - a ring of protection from fire
 B - a ring of protection from fire
Wands
 a - a wand of mindburst (17)
 g - a wand of charming (9)
 j - a wand of light (2)
Scrolls
 h - 4 scrolls of blinking
 i - 2 scrolls of amnesia
 k - a scroll of immolation {unknown}
 q - 2 scrolls of fog
 r - 7 scrolls of fear
 s - 2 scrolls of enchant weapon
 t - 2 scrolls of enchant armour
 D - a scroll of identify
Potions
 b - a potion of ambrosia
 c - 4 potions of curing
 f - a potion of magic
 o - 3 potions of brilliance
 C - a potion of berserk rage
 E - a potion of mutation


   Skills:
 + Level 22.4 Fighting
 - Level 9.1 Armour
 - Level 9.3 Dodging
 - Level 3.8 Stealth
 + Level 12.7 Shields
 * Level 26.8 Unarmed Combat
 - Level 10.6 Invocations
 - Level 7.4 Evocations


You had 4 spell levels left.
You knew the following spells:

 Your Spells              Type           Power      Damage    Failure   Level
a - Shatter               Erth           0%         3d5*      100%        9

Your spell library contained the following spells:

 Spells                   Type           Power      Damage    Failure   Level
 Chain Lightning          Conj/Air       0%         N/A       100%        9
 Fire Storm               Conj/Fire      0%         5d1       100%        9


Dungeon Overview and Level Annotations

Branches:
Dungeon (1/1)

Altars:
Cheibriados
Dithmenos
Elyvilon
Fedhas
Gozag
Hepliaklqana
Kikubaaqudgha
Makhleb
Nemelex Xobeh
Okawaru
Qazlal
Ru
Sif Muna
Trog
Uskayaw
Vehumet
Wu Jian
Xom
Yredelemnul
Zin
The Shining One
Jiyva
Lugonu

Shops:
D (:**


Innate Abilities, Weirdness & Mutations

You are immune to sickness and miasma.
Your stone body is resilient. (AC +10)
You are immune to poison.
Your large and strong wings let you fly.
You resist negative energy. (rN+)
You are resistant to electric shocks. (rElec)
You are resistant to unholy torment.
You are immune to petrification.


Message History

The ice dragon completely misses you. The ice dragon closely misses you.
The ice dragon tramples you.
* * * LOW HITPOINT WARNING * * *
You are shoved backwards!
You barely miss the ice dragon.
The ice dragon is almost dead.
You pulverise the ice dragon!!!
You kill the ice dragon!
Cheibriados thoroughly appreciates the change of pace.
Cheibriados raises the support of your attributes as your movement slows.
Items here: ( [ ††.
The tengu conjurer points at you and mumbles some strange words.
The bolt of lightning misses you.
You hear a shout!
There is an open door to the Dungeon, spattered with blood here.
Things that are here:
a +1 battleaxe of freezing; a deep troll corpse; a frost giant corpse A tengu conjurer is nearby!
You don't have enough magic at the moment.
Unknown command.
A fire giant comes into view.
It is wielding a +1 great sword of flaming.
The tengu conjurer gestures at you while chanting.
The bolt of lightning hits you! You resist.
* * * LOW HITPOINT WARNING * * *
Items here: ( [ ††.
You feel better.
You feel better. Magic courses through your body.
The fire giant points at you and mumbles some strange words.
The bolt of fire hits you!! You resist.
* * * LOW HITPOINT WARNING * * *
Unknown command.
Activating: Slouch (1% risk of failure)
Press: ? - help, Dir - look around, f - activate You can feel time thicken for a moment.
You kill the tengu conjurer!
Cheibriados thoroughly appreciates the change of pace.
The fire giant casts a spell at you.
The fireball explodes!
The fireball engulfs you!! You resist.
You die...

▓▓▓▓▓▓▓▓▓▓▓▓▓▓▓▓▓▓▓▓▓▓▓▓▓▓
...[C))()@)...............
▓▓▓▓▓▓▓▓▓▓▓▓▓▓▓▓▓▓▓▓▓▓▓▓▓▓▓▓▓▓▓▓▓
.................................
▓▓▓▓▓▓▓▓▓▓▓▓▓▓▓▓▓▓▓▓▓▓▓▓▓▓▓▓▓▓▓▓▓
(........'........)÷))...........
▓▓▓▓▓▓▓▓▓▓▓▓▓▓▓▓▓▓▓▓▓▓▓▓▓▓▓▓▓▓▓▓▓
.................................
▓▓▓▓▓▓▓▓▓▓▓▓▓▓▓▓▓▓▓▓▓▓▓▓▓▓▓▓▓▓▓▓▓
...[[[[=[[[.)))..)))....='.......


You could see a fire giant.

Vanquished Creatures
  A sphinx (D)
  A frost giant (D)
  A fire giant (D)
  2 fenstrider witches (D)
  Aizul (D)
  A spriggan defender (D)
  3 very ugly things (D)
  A broodmother (D)
  2 stone giants (D)
  An eleionoma (D)
  A vampire knight (D)
  A bunyip (D)
  2 ettins (D)
  An entropy weaver (D)
  A merfolk impaler (D)
  A fire dragon (D)
  A shambling mangrove (D)
  5 ice dragons (D)
  A hydra (D)
  A catoblepas (D)
  2 boulder beetles (D)
  An anaconda (D)
  4 centaur warriors (D)
  A tengu warrior (D)
  2 alligators (D)
  A deep troll shaman (D)
  5 death yaks (D)
  A naga warrior (D)
  An orc high priest (D)
  A naga sharpshooter (D)
  A skeletal warrior (D)
  2 sea snakes (D)
  A steelbarb worm (D)
  A naga ritualist (D)
  A swamp dragon (D)
  An orb spider (D)
  6 orc knights (D)
  3 orc sorcerers (D)
  A manticore (D)
  3 cyclopes (D)
  Maurice (D)
  3 black mambas (D)
  A moth of wrath (D)
  Joseph (D)
  A naga mage (D)
  A guardian serpent (D)
  A torpor snail (D)
  3 cane toads (D)
  2 tengu conjurers (D)
  2 komodo dragons (D)
  A meliai (D)
  2 wind drakes (D)
  A merfolk (D)
  4 hornets (D)
  A tarantella (D)
  A slime creature (D)
  A snapping turtle (D)
  3 blink frogs (D)
  2 culicivoras (D)
  A spriggan (D)
  A wyvern (D)
  7 yaks (D)
  Grum (D)
  2 basilisks (D)
  A redback (D)
  A vampire mosquito (D)
  2 water moccasins (D)
  10 orc warriors (D)
  4 wolves (D)
  An ogre (D)
  A phantom (D)
  2 bullfrogs (D)
  A gnoll sergeant (D)
  2 orc priests (D)
  6 orc wizards (D)
  3 iguanas (D)
  11 orcs (D)
  2 endoplasms (D)
  A quokka (D)
  A ball python (D)
  A bat (D)
162 creatures vanquished.

Vanquished Creatures (others)
  An orc warrior (D)
1 creature vanquished.

Grand Total: 163 creatures vanquished

Notes
Turn   | Place    | Note
-------+----------+-------------------------------------------
     0 | D        | rocky1 the Gargoyle Monk began the quest for the Orb.
     0 | D        | Reached XP level 1. HP: 14/14 MP: 1/1
   103 | D        | Noticed an iguana
   103 | D        | Noticed an iguana
   103 | D        | Noticed a phantom
   103 | D        | Noticed an iguana
   103 | D        | Noticed an ogre
   107 | D        | Killed an ogre
   108 | D        | Reached skill level 5 in Fighting
   108 | D        | Reached skill level 6 in Unarmed Combat
   108 | D        | Reached XP level 2. HP: 22/22 MP: 2/2
   108 | D        | Reached XP level 3. HP: 27/27 MP: 3/3
   108 | D        | Reached XP level 4. HP: 32/32 MP: 4/4
   115 | D        | Killed a phantom
   116 | D        | Reached skill level 5 in Dodging
   116 | D        | Reached skill level 7 in Unarmed Combat
   116 | D        | Reached XP level 5. HP: 38/38 MP: 5/5
   124 | D        | Reached skill level 8 in Unarmed Combat
   124 | D        | Reached XP level 6. HP: 44/44 MP: 6/6
   260 | D        | Found a snail-covered altar of Cheibriados.
   260 | D        | Found a shadowy altar of Dithmenos.
   260 | D        | Found a white marble altar of Elyvilon.
   260 | D        | Found a blossoming altar of Fedhas.
   260 | D        | Found an opulent altar of Gozag.
   261 | D        | Found a hazy altar of Hepliaklqana.
   262 | D        | Found a viscous altar of Jiyva.
   263 | D        | Found an ancient bone altar of Kikubaaqudgha.
   264 | D        | Became a worshipper of Cheibriados the Contemplative
   264 | D        | Reached * piety under Cheibriados
   264 | D        | Reached ** piety under Cheibriados
   265 | D        | Found a corrupted altar of Lugonu.
   266 | D        | Found a burning altar of Makhleb.
   267 | D        | Found a sparkling altar of Nemelex Xobeh.
   268 | D        | Found an iron altar of Okawaru.
   269 | D        | Found a stormy altar of Qazlal.
   270 | D        | Found a sacrificial altar of Ru.
   271 | D        | Found a shimmering blue altar of Sif Muna.
   272 | D        | Found a bloodstained altar of Trog.
   273 | D        | Found a hide-covered altar of Uskayaw.
   274 | D        | Found a radiant altar of Vehumet.
   275 | D        | Found an ornate altar of the Wu Jian Council.
   276 | D        | Found a shimmering altar of Xom.
   277 | D        | Found a basalt altar of Yredelemnul.
   278 | D        | Found a glowing silver altar of Zin.
   279 | D        | Found a glowing golden altar of the Shining One.
   321 | D        | Noticed a yak
   321 | D        | Noticed a yak
   321 | D        | Noticed a wyvern
   326 | D        | Killed a wyvern
   326 | D        | Reached *** piety under Cheibriados
   332 | D        | Killed a yak
   333 | D        | Reached skill level 9 in Unarmed Combat
   333 | D        | Reached XP level 7. HP: 46/50 MP: 6/10
   336 | D        | Killed a yak
   341 | D        | Reached **** piety under Cheibriados
   482 | D        | Noticed a vampire mosquito
   482 | D        | Noticed a komodo dragon
   482 | D        | Noticed a slime creature
   482 | D        | Noticed a centaur warrior
   482 | D        | Noticed a meliai
   482 | D        | Noticed a cyclops
   487 | D        | Killed a cyclops
   487 | D        | Killed a komodo dragon
   487 | D        | Reached ***** piety under Cheibriados
   488 | D        | Reached skill level 5 in Armour
   488 | D        | Reached XP level 8. HP: 33/56 MP: 10/12
   488 | D        | Killed a meliai
   489 | D        | Reached skill level 10 in Unarmed Combat
   489 | D        | Reached skill level 5 in Evocations
   489 | D        | Killed a slime creature
   490 | D        | Reached skill level 10 in Fighting
   493 | D        | Killed a centaur warrior
   494 | D        | Reached XP level 9. HP: 33/63 MP: 10/14
  1016 | D        | Noticed a cane toad
  1019 | D        | Reached ****** piety under Cheibriados
  1020 | D        | Noticed a torpor snail
  1030 | D        | Reached skill level 11 in Unarmed Combat
  1038 | D        | Killed a cane toad
  1047 | D        | Killed a torpor snail
  1049 | D        | Reached XP level 10. HP: 58/70 MP: 16/16
  1398 | D        | Noticed a cane toad
  1408 | D        | Noticed a cane toad
  1422 | D        | Reached skill level 12 in Unarmed Combat
  1428 | D        | Killed a cane toad
  1436 | D        | Reached skill level 13 in Unarmed Combat
  1439 | D        | Killed a cane toad
  1554 | D        | Noticed a death yak
  1554 | D        | Noticed a catoblepas
  1554 | D        | Noticed a death yak
  1554 | D        | Noticed a death yak
  1554 | D        | Noticed a death yak
  1557 | D        | Noticed a death yak
  1563 | D        | Killed a death yak
  1564 | D        | Reached skill level 14 in Unarmed Combat
  1568 | D        | Killed a death yak
  1574 | D        | Killed a death yak
  1575 | D        | Reached skill level 15 in Unarmed Combat
  1575 | D        | Reached XP level 11. HP: 79/79 MP: 18/18
  1581 | D        | Killed a catoblepas
  1592 | D        | Killed a death yak
  1593 | D        | Reached skill level 16 in Unarmed Combat
  1597 | D        | Killed a death yak
  2026 | D        | Noticed Joseph
  2034 | D        | Killed Joseph
  2035 | D        | Reached skill level 15 in Fighting
  2133 | D        | Noticed Grum
  2141 | D        | Killed Grum
  2144 | D        | Reached skill level 17 in Unarmed Combat
  2187 | D        | Noticed an orc knight
  2192 | D        | Killed an orc knight
  2375 | D        | Noticed an orc knight
  2375 | D        | Noticed an orc knight
  2383 | D        | Killed an orc knight
  2386 | D        | Killed an orc knight
  2387 | D        | Reached skill level 18 in Unarmed Combat
  2396 | D        | Noticed an orc knight
  2406 | D        | Killed an orc knight
  2666 | D        | Found Unuczuhe's Assorted Antiques.
  2666 | D        | Noticed an orc high priest
  2666 | D        | Noticed an orc knight
  2672 | D        | Noticed an orc sorcerer
  2675 | D        | Killed an orc knight
  2676 | D        | Reached XP level 12. HP: 89/89 MP: 19/19
  2677 | D        | Found Zoumoekh's Assorted Antiques.
  2678 | D        | Noticed a soul eater
  2685 | D        | Found Osasipye's Book Boutique.
  2687 | D        | Killed an orc high priest
  2688 | D        | Reached skill level 19 in Unarmed Combat
  2692 | D        | Reached skill level 10 in Invocations
  2697 | D        | Found Binwor's Weapon Shop.
  2705 | D        | Paralysed by an orc sorcerer for 2 turns
  2865 | D        | Bought a shiny bone wand for 68 gold pieces
  2865 | D        | Bought a glowing wooden wand for 68 gold pieces
  2867 | D        | Bought a scroll labelled QECVAV IQAIN for 24 gold pieces
  2867 | D        | Bought a scroll of enchant armour for 180 gold pieces
  2867 | D        | Bought a scroll of fear for 96 gold pieces
  2867 | D        | Bought a scroll of fear for 96 gold pieces
  2871 | D        | Bought a +2 antimagic flail for 247 gold pieces
  2873 | D        | Bought a book of Annihilations for 840 gold pieces
  2883 | D        | Learned a level 9 spell: Shatter
  3039 | D        | Got the +0 ring mail "Tuoph" {Str+5}
  3109 | D        | Noticed a centaur warrior
  3109 | D        | Noticed a boulder beetle
  3109 | D        | Noticed a boulder beetle
  3109 | D        | Noticed a centaur warrior
  3109 | D        | Noticed a five-headed hydra
  3110 | D        | Noticed a centaur warrior
  3113 | D        | Killed a centaur warrior
  3113 | D        | Killed a centaur warrior
  3113 | D        | Killed a centaur warrior
  3114 | D        | Reached skill level 20 in Unarmed Combat
  3115 | D        | Killed a five-headed hydra
  3116 | D        | Noticed an ettin
  3119 | D        | Killed a boulder beetle
  3120 | D        | Noticed a fire dragon
  3120 | D        | Noticed an ice dragon
  3124 | D        | Killed a boulder beetle
  3125 | D        | Reached skill level 21 in Unarmed Combat
  3126 | D        | Noticed a tengu warrior
  3129 | D        | HP: 4/92 [ettin/+0 dire flail (26)]
  3130 | D        | Killed an ettin
  3130 | D        | Noticed a vampire knight
  3132 | D        | Noticed a sphinx
  3145 | D        | Killed a fire dragon
  3145 | D        | Killed a tengu warrior
  3146 | D        | Killed a vampire knight
  3148 | D        | Killed an ice dragon
  3149 | D        | Reached skill level 22 in Unarmed Combat
  3149 | D        | Reached XP level 13. HP: 35/99 MP: 11/21
  3149 | D        | Noticed a green very ugly thing
  3153 | D        | Killed a sphinx
  3160 | D        | Killed a green very ugly thing
  3695 | D        | Reached skill level 1 in Shields
  3707 | D        | Reached skill level 23 in Unarmed Combat
  4049 | D        | Noticed a broodmother
  4049 | D        | Noticed an entropy weaver
  4058 | D        | Killed an entropy weaver
  4059 | D        | Reached skill level 5 in Shields
  4070 | D        | Killed a broodmother
  4305 | D        | Noticed a merfolk impaler
  4308 | D        | Reached skill level 24 in Unarmed Combat
  4334 | D        | Killed a merfolk impaler
  4770 | D        | Noticed a shambling mangrove
  4770 | D        | Noticed an eleionoma
  4776 | D        | Noticed a fenstrider witch
  4776 | D        | Noticed a fenstrider witch
  4781 | D        | Killed an eleionoma
  4787 | D        | Noticed a bunyip
  4789 | D        | Killed a fenstrider witch
  4790 | D        | Reached skill level 25 in Unarmed Combat
  4790 | D        | Gained mutation: Your large and strong wings let you fly.
                  | [Gargoyle growth]
  4790 | D        | Reached XP level 14. HP: 21/110 MP: 11/22
  4790 | D        | Killed a fenstrider witch
  4794 | D        | Reached skill level 10 in Shields
  5372 | D        | Noticed Maurice
  5388 | D        | Killed Maurice
  5437 | D        | Noticed Aizul
  5445 | D        | Killed Aizul
  5514 | D        | Noticed a purple very ugly thing
  5514 | D        | Noticed a stone giant
  5514 | D        | Noticed a frost giant
  5523 | D        | Killed a frost giant
  5523 | D        | Noticed a fire giant
  5525 | D        | Noticed a stone giant
  5528 | D        | Noticed a spriggan defender
  5529 | D        | Killed a stone giant
  5532 | D        | Killed a purple very ugly thing
  5533 | D        | Reached skill level 26 in Unarmed Combat
  5535 | D        | Noticed a white very ugly thing
  5539 | D        | Killed a fire giant
  5539 | D        | Killed a spriggan defender
  5545 | D        | Killed a stone giant
  5548 | D        | Killed a white very ugly thing
  5561 | D        | Noticed a fire giant
  5564 | D        | HP: 5/112 [fire giant/bolt of fire (27)]
  5565 | D        | Killed from afar by a fire giant

Illustrated notes

Levels and vault maps discovered:
D:        linesprint [early_d, line_temple, items_1, d_10, items_2, lair_1,
          lair_end, items_3, orc_1, orc_end, items_4, d_15, swamp_1, shoals_1,
          snake_1, spider_1, d_20, vaults_1, items_5, swamp_end, shoals_end,
          snake_end, spider_end, vaults_end, d_27, items_6, zot_1, zot_end,
          crypt_end, forest_end, elf_end, slime_end, tomb_end, abyss_end,
          pan_hell_end]

Skill      XL: |  1  2  3  4  5  6  7  8  9 10 11 12 13 14 |
---------------+-------------------------------------------+-----
Fighting       | 5 7 8 9 10 11 13 16 18 21 22 | 22.4
Dodging        | 4 5 6 7 8 9 |  9.3
Stealth        | 3 |  3.8
Unarmed Combat | 6 7 8 9 10 11 15 18 22 25 26 | 26.8
Armour         | 4 5 7 8 9 |  9.1
Invocations    | 4 6 7 9 10 | 10.6
Evocations     | 3 4 6 7 |  7.4
Shields        | 9 12 | 12.7

Action                   |  1- 3 |  4- 6 |  7- 9 | 10-12 | 13-15 || total
-------------------------+-------+-------+-------+-------+-------++-------
Melee: Unarmed           |    38 |    24 |    48 |   254 |   155 ||   519
       Punch             |     1 |       |     4 |    34 |     2 ||    41
Invok: Slouch            |       |       |       |     6 |    14 ||    20
Evoke: Wand              |       |     1 |     5 |     2 |       ||     8
  Use: Potion            |     1 |     1 |     1 |     6 |     8 ||    17
 Stab: Invisible         |       |     1 |     5 |    15 |       ||    21
       Petrified         |       |       |       |     4 |       ||     4
       Sleeping          |       |       |       |     1 |       ||     1
       Distracted        |       |       |       |       |     1 ||     1
Armor: Robe              |    10 |     1 |       |       |       ||    11
       Ring mail         |       |     1 |    15 |    51 |    45 ||   112
Dodge: Dodged            |    23 |     6 |    57 |   175 |   107 ||   368
Block: Buckler           |       |       |       |       |    47 ||    47

Table legend: (Time is in decaauts)
 A = Elapsed time spent in this place.
 B = Non-inter-level travel time spent in this place.
 C = Inter-level travel time spent in this place.
 D = Time resting spent in this place.
 E = Time spent auto-exploring this place.
 F = Levels seen in this place.
 G = Mean time per level.
                   A        B        C        D        E       F      G
               +--------+--------+--------+--------+--------+-----+--------+
         Total |   6496 |   6496 |      0 |   3745 |      0 |   1 | 6496.0 |
       Dungeon |   6496 |   6496 |      0 |   3745 |      0 |   1 | 6496.0 |
               +--------+--------+--------+--------+--------+-----+--------+

Top non-repeatable levels by time:
       D: 6496 daAuts
